 Dungeon Crawl Stone Soup version 0.27.0-1-g7a089689b8 (webtiles) character file.

Game seed: 12008156108363657038

493 backslashecho the Wallflower (level 7, -5/90 HPs)
             Began as a Hill Orc Monk on Aug 4, 2021.
             Was an Elder of Uskayaw.
             Killed by divine providence
             ... invoked by an orc priest
              (14 damage)
             ... on level 5 of the Dungeon.
             The game lasted 00:08:50 (5611 turns).

backslashecho the Wallflower (Hill Orc Monk)        Turns: 5611, Time: 00:08:51

Health: -5/90      AC:  7    Str: 14 (16) XL:     7   Next: 15%
Magic:  11/11      EV: 11    Int: 10      God:    Uskayaw [****..]
Gold:   153        SH:  0    Dex: 11      Spells: 6/6 levels left

rFire    . . .     SeeInvis .   a - +0 hand axe
rCold    . . .     Faith    .   (no shield)
rNeg     . . .     Spirit   .   g - +2 ring mail {Will+}
rPois    .         Reflect  .   (no helmet)
rElec    .         Harm     .   (no cloak)
rCorr    .         Rampage  .   (no gloves)
Will     +....                  (no boots)
Stlth    ..........             (no amulet)
HPRegen  0.25/turn              (no ring)
MPRegen  0.12/turn              (no ring)

@: berserking, attractive, very quick
A: camouflage 1, clumsy 1, subdued magic 1
a: Renounce Religion, Convert to Beogh, Stomp, Line Pass


You were on level 5 of the Dungeon.
You worshipped Uskayaw.
Uskayaw was noncommittal.
You visited 1 branch of the dungeon, and saw 5 of its levels.
You also visited: Sewer.

You collected 153 gold pieces.

Inventory:

Hand Weapons
 a - a +0 hand axe (weapon)
Armour
 g - a +2 ring mail of willpower (worn)
 o - a +0 troll leather armour {Purgy}
Jewellery
 m - an amulet of regeneration
Wands
 k - a wand of mindburst (20)
Scrolls
 b - a scroll of amnesia {unknown}
 f - 4 scrolls of identify
 h - 2 scrolls of teleportation {unknown}
 j - a scroll of magic mapping
 n - 2 scrolls of fear {unknown}
 p - a scroll of blinking {unknown}
 r - 2 scrolls of fog {unknown}
Potions
 c - 3 potions of degeneration
 e - 2 potions of flight
 i - a potion of attraction
 q - 2 potions of cancellation


   Skills:
 - Level 4.7 Fighting
 - Level 6.2 Axes
 - Level 2.4 Armour
 - Level 2.4 Dodging
 - Level 1.5 Stealth
 - Level 1.0 Unarmed Combat
 + Level 6.4 Invocations


You had 6 spell levels left.
You didn't know any spells.
Your spell library contained the following spells:

 Spells                   Type           Power      Damage    Failure   Level
 Corona                   Hex            0%         N/A       54%         1
 Ensorcelled Hibernation  Hex/Ice        0%         N/A       71%         2
 Slow                     Hex            0%         N/A       71%         2
 Confusing Touch          Hex            0%         N/A       90%         3
 Frozen Ramparts          Ice            0%         1d2       90%         3
 Tukima's Dance           Hex            0%         N/A       90%         3
 Ice Form                 Ice/Tmut       0%         N/A       100%        4
 Summon Ice Beast         Ice/Summ       0%         N/A       100%        4
 Yara's Violent Unravell  Hex/Tmut       0%         3d3       100%        5


Dungeon Overview and Level Annotations

Branches:
Dungeon (5/15)             Temple (0/1) D:4           Sewer (visited)

Altars:
Okawaru
Uskayaw

Shops:
D:1 (

Annotations:
D:5 1 exclusion


Innate Abilities, Weirdness & Mutations

Your skin changes colour to match your surroundings (Stealth+).
You are clumsy. (Dex -2)
Your spells are a little easier to cast, but a little less powerful.


Message History

The hound stops to sniff the ground.
Something hits you.
* * * LOW HITPOINT WARNING * * *
You now have 21/90 hp.
You closely miss something. Something completely misses you.
You closely miss something. Something hits you but does no damage.
You hit something.
The orc priest invokes the aid of Beogh against you.
Beogh smites you!
* * * LOW HITPOINT WARNING * * *
The orc priest shouts, "Beogh is our master!
Accept the truth or die!"
You take 10 damage, and have 11/90 hp.
You closely miss something. Something hits you.
* * * LOW HITPOINT WARNING * * *
You take 1 damage, and have 10/90 hp.
You miss something. Something hits you but does no damage.
You closely miss something.
The orc priest shouts, "Beogh is our master!
Accept the truth or die!"
You slash something! Something hits you.
* * * LOW HITPOINT WARNING * * *
Uskayaw will force your foes to helplessly watch your dance.
Uskayaw prepares the audience for your solo!
You take 2 damage, and have 9/90 hp.
You slash something!
Reactivating autopickup.
You feel a bit more experienced. The hound is pulled toward you!
The orc priest is pulled toward you!
The helpless hound fails to defend itself.
You slash the hound!
The hound is severely wounded.
Uskayaw will force your foes to share their pain.
Uskayaw links your audience in an emotional bond!
The helpless hound fails to defend itself.
You slash the hound!
You kill the hound!
The orc priest is no longer paralysed.
The orc priest shouts, "Join the one true god or die!"
The orc priest mumbles some strange prayers to Beogh against you.
Beogh smites you!
You die...

#.. .
#..#### #
#....(#
##.##(#
#.##o######.
#.#.o.......
..#o#######.
###)# #@#
#.# ####.#
#.[..#
#.#### #.###
#.#.. #.#.#
#.#.#


You could see 2 orc priests and an orc (paralysed, pain bonded).

Vanquished Creatures
  Purgy (Sewer)
  A water moccasin skeleton (D:4)
  2 hounds
  An orc priest (D:5)
  Jessica (D:2)
  An iguana (D:5)
  An orc wizard (D:5)
  A hound skeleton (D:4)
  6 adders
  4 gnolls
  A worm (D:2)
  4 dart slugs
  2 orcs (D:4)
  4 endoplasms
  2 giant cockroaches (D:1)
  8 hobgoblins
  5 jackals
  4 quokkas
  10 ball pythons
  11 bats
  3 frilled lizards
  10 goblins
  12 kobolds
  5 rats
100 creatures vanquished.

Notes
Turn   | Place    | Note
-------+----------+-------------------------------------------
     0 | D:1      | backslashecho the Hill Orc Monk began the quest for the
                  | Orb.
     0 | D:1      | Reached XP level 1. HP: 19/19 MP: 1/1
   219 | D:1      | Reached XP level 2. HP: 24/27 MP: 2/2
   701 | D:1      | Found Neniemom's Weapon Boutique.
   703 | D:1      | Reached skill level 1 in Armour
   716 | D:1      | Reached skill level 1 in Unarmed Combat
   790 | D:1      | Reached XP level 3. HP: 28/28 MP: 3/3
   850 | D:1      | Found a faded altar of an unknown god.
   873 | D:1      | Became a worshipper of Uskayaw the Reveller
   873 | D:1      | Reached * piety under Uskayaw
   873 | D:1      | Reached ** piety under Uskayaw
  2077 | D:2      | Reached skill level 5 in Axes
  2081 | D:2      | Reached *** piety under Uskayaw
  2083 | D:2      | Reached skill level 1 in Invocations
  2084 | D:2      | Reached **** piety under Uskayaw
  2086 | D:2      | Reached XP level 4. HP: 32/40 MP: 4/4
  2372 | D:2      | Noticed Jessica
  2376 | D:2      | Killed Jessica
  2789 | D:2      | Reached XP level 5. HP: 30/47 MP: 2/6
  3733 | D:3      | Gained mutation: Your spells are a little easier to cast,
                  | but a little less powerful. [potion of mutation]
  3733 | D:3      | Gained mutation: You are clumsy. (Dex -2) [potion of
                  | mutation]
  3733 | D:3      | Gained mutation: Your skin changes colour to match your
                  | surroundings (Stealth+). [potion of mutation]
  3947 | D:4      | Found a staircase to the Ecumenical Temple.
  4195 | D:4      | Found an iron altar of Okawaru.
  4590 | D:4      | Reached XP level 6. HP: 46/53 MP: 6/8
  5014 | D:5      | Entered Level 5 of the Dungeon
  5152 | D:5      | Found a glowing drain.
  5161 | Sewer    | Entered a sewer
  5373 | Sewer    | Noticed Purgy
  5386 | Sewer    | Killed Purgy
  5387 | Sewer    | Reached skill level 5 in Invocations
  5387 | Sewer    | Reached XP level 7. HP: 60/60 MP: 9/11
  5434 | Sewer    | Lost mutation: You are clumsy. (Dex -2) [potion of
                  | mutation]
  5434 | Sewer    | Gained mutation: You are clumsy. (Dex -2) [potion of
                  | mutation]
  5611 | D:5      | Killed from afar by an orc priest

Illustrated notes

Levels and vault maps discovered:
D:1:      eino_arrival_cavern_c, layout_basic,
          hellmonk_ecumenical_altar_inner_sanctum, serial_shops, shop,
          minmay_split_cup_large
D:2:      layout_basic, uniq_jessica
D:3:      layout_basic
D:4:      layout_cave_pods, okawaru_altar_gauntlet_db,
          minmay_temple_entry_purple_smoke
D:5:      layout_loops_ring, portal_sewer_entry_d

Skill      XL: |  1  2  3  4  5  6  7 |
---------------+----------------------+-----
Armour         | 1 2 |  2.4
Unarmed Combat | 1 |  1.0
Fighting       | 4 |  4.7
Axes           | 5 6 |  6.2
Invocations    | 1 3 5 6 |  6.4
Dodging        | |  2.4
Stealth        | |  1.5

Action                   |  1- 3 |  4- 6 |  7- 9 || total
-------------------------+-------+-------+-------++-------
Melee: Hand axe          |   143 |   239 |    26 ||   408
Throw: Javelin           |       |       |     2 ||     2
Invok: Stomp             |       |     1 |       ||     1
  Use: Potion            |       |     8 |     5 ||    13
       Scroll            |       |     1 |       ||     1
 Stab: Sleeping          |     5 |     1 |     1 ||     7
       Paralysed         |     2 |     8 |     2 ||    12
       Distracted        |       |     1 |       ||     1
Armor: Ring mail         |    60 |   118 |     9 ||   187
       Robe              |     2 |       |       ||     2
Dodge: Dodged            |    92 |   154 |     6 ||   252
